 Dungeon Sprint DCSS version 0.28.0-45-g0d030f2227 (webtiles) character file.

Game seed: 4992798581679641022

93 Zeld the Skirmisher (level 4, -6/45 HPs)
             Began as a Minotaur Berserker on Apr 20, 2022.
             Was a Believer of Trog.
             Killed from afar by an oklob sapling priest (26 damage)
             ... with a splash of acid
             ... in the Dungeon (Sprint IV: "Fedhas' Mad Dash").
             The game lasted 00:00:47 (589 turns).

Zeld the Skirmisher (Minotaur Berserker)             Turns: 589, Time: 00:00:48

Health: -6/45      AC:  2    Str: 23    XL:     4   Next: 36%
Magic:  1/3        EV: 13    Int:  4    God:    Trog [**....]
Gold:   45         SH:  0    Dex: 10    Spells: 3/3 levels left

rFire   . . .      SeeInvis .   a - +0 hand axe
rCold   . . .      Faith    .   (no shield)
rNeg    . . .      Spirit   .   b - +0 animal skin
rPois   .          Reflect  .   (helmet restricted)
rElec   .          Harm     .   (no cloak)
rCorr   .          Rampage  .   (no gloves)
Will    .....      NoTele   +   (no boots)
Stlth   ++........              j - amulet of invisibility {+Inv}
HPRegen 0.15/turn               (no ring)
MPRegen 0.08/turn               (no ring)

@: very slightly contaminated, invisible
A: horns 2, retaliatory headbutt
a: Renounce Religion, Evoke Invisibility, Berserk, Trog's Hand


You were in the Dungeon.
You worshipped Trog.
Trog was pleased with you.
You visited 1 branch You collected 45 gold pieces.

Inventory:

Hand Weapons
 a - a +0 hand axe (weapon)
Armour
 b - a +0 animal skin (worn)
Jewellery
 j - the amulet of invisibility (around neck) {+Inv}
   (You found it in the Dungeon)

   [amulet of nothing]

   +Inv:      It lets you turn invisible.
Scrolls
 h - a scroll of blinking
 i - a scroll of amnesia {unknown}
Potions
 c - a potion of curing
 d - a potion of heal wounds
 e - a potion of haste
 f - 2 potions of magic
 g - a potion of berserk rage


   Skills:
 * Level 6.6 Fighting
 * Level 6.6 Axes
 + Level 4.5 Armour
 + Level 4.1 Dodging
 + Level 2.6 Stealth


You had 3 spell levels left.
You didn't know any spells.
Your spell library was empty.

Dungeon Overview and Level Annotations

Branches:
Dungeon (1/1)

Altars:
Cheibriados
Dithmenos
Elyvilon
Gozag
Hepliaklqana
Kikubaaqudgha
Makhleb
Nemelex Xobeh
Okawaru
Qazlal
Ru
Sif Muna
Trog
Uskayaw
Vehumet
Wu Jian
Xom
Yredelemnul
Zin
The Shining One
Beogh
Jiyva
Lugonu

Annotations:
D exclusion: oklob sapling


Innate Abilities, Weirdness & Mutations

You have a pair of horns on your head.
You reflexively headbutt those who attack you in melee.


Message History

You are no longer berserk.
You are exhausted.
You feel yourself slow down.
You start resting.
HP restored.
You see here a scorpion corpse.
You start waiting.
You feel yourself speed up.
You now have 9 gold pieces.
You start putting on your amulet.
You continue putting on the amulet of invisibility {+Inv}. x5
You finish putting on the amulet of invisibility {+Inv}.
j - the amulet of invisibility (around neck) {+Inv} You now have 25 gold pieces (gained 16).
You now have 41 gold pieces (gained 16).
You recover from your berserk rage.
You now have 45 gold pieces (gained 4).
You open the door.
Found nine altars.
An oklob sapling priest comes into view.
Found four altars.
Marking area around an oklob sapling priest as unsafe for travelling.
There is an open door here.
No reachable target in view!
Found three altars.
Found two altars.
Found three altars.
The oklob sapling priest spits acid at you.
The splash of acid hits you!!
Ouch! That really hurt!
There is an opulent altar of Gozag here.
You fade into invisibility!
You are very lightly contaminated with residual magic.
The oklob sapling priest looks satisfied for a moment.
You are too injured to fight recklessly!
Found a corrupted altar of Lugonu and a radiant altar of Vehumet.
The oklob sapling priest spits acid at something.
The splash of acid hits you!!
Ouch! That really hurt!
You die...

########################
#.....#.....#.⌠._._._._.
'.."..'.#†(.'.._@_._._._
#.....#.#...#..._._P_._.
##########+##.._._._._._
#._._._._._.
############


You could see an oklob sapling priest.

Vanquished Creatures
  A scorpion (D)
  An oklob sapling (D)
  A river rat (D)
  A rat (D)
4 creatures vanquished.

Vanquished Creatures (others)
  3 fungi (D)
3 creatures vanquished.

Grand Total: 7 creatures vanquished

Notes
Turn   | Place    | Note
-------+----------+-------------------------------------------
     0 | D        | Zeld the Minotaur Berserker began the quest for the Orb.
     0 | D        | Reached XP level 1. HP: 19/19 MP: 0/0
    10 | D        | Reached skill level 1 in Stealth
    10 | D        | Reached XP level 2. HP: 28/28 MP: 1/1
    50 | D        | Noticed an oklob sapling
   166 | D        | Killed an oklob sapling
   167 | D        | Reached skill level 5 in Fighting
   167 | D        | Reached skill level 5 in Axes
   167 | D        | Reached XP level 3. HP: 22/36 MP: 2/2
   532 | D        | Noticed a scorpion
   532 | D        | Found the amulet of invisibility {+Inv}
   536 | D        | Killed a scorpion
   536 | D        | Reached ** piety under Trog
   537 | D        | Reached XP level 4. HP: 45/45 MP: 3/3
   583 | D        | Found an opulent altar of Gozag.
   583 | D        | Found a hazy altar of Hepliaklqana.
   583 | D        | Found a burning altar of Makhleb.
   583 | D        | Found a sparkling altar of Nemelex Xobeh.
   583 | D        | Found a sacrificial altar of Ru.
   583 | D        | Found a shimmering blue altar of Sif Muna.
   583 | D        | Found an ornate altar of the Wu Jian Council.
   583 | D        | Found a shimmering altar of Xom.
   583 | D        | Found a basalt altar of Yredelemnul.
   584 | D        | Found a viscous altar of Jiyva.
   584 | D        | Found a snail-covered altar of Cheibriados.
   584 | D        | Found a bloodstained altar of Trog.
   585 | D        | Found an iron altar of Okawaru.
   585 | D        | Found a shadowy altar of Dithmenos.
   585 | D        | Found a glowing silver altar of Zin.
   586 | D        | Found an ancient bone altar of Kikubaaqudgha.
   586 | D        | Found a hide-covered altar of Uskayaw.
   587 | D        | Found a stormy altar of Qazlal.
   587 | D        | Found a white marble altar of Elyvilon.
   587 | D        | Found a glowing golden altar of the Shining One.
   589 | D        | Found a corrupted altar of Lugonu.
   589 | D        | Found a radiant altar of Vehumet.
   589 | D        | Killed from afar by an oklob sapling priest

Illustrated notes

Levels and vault maps discovered:
D:        dungeon_sprint_fedhas [sprint_temple]

Skill      XL: |  1  2  3 |
---------------+----------+-----
Fighting       | 4 5 6 |  6.6
Axes           | 4 5 6 |  6.6
Armour         | 3 4 |  4.5
Stealth        | 1 2 |  2.6
Dodging        | 3 4 |  4.1

Action                   |  1- 3 |  4- 6 || total
-------------------------+-------+-------++-------
Melee: Hand axe          |     6 |       ||     6
       Headbutt          |     2 |       ||     2
       Punch             |     1 |       ||     1
Invok: Berserk           |     3 |       ||     3
 Abil: Evoke Invisibilit |       |     1 ||     1
Dodge: Dodged            |     3 |       ||     3
